Map: King's Cove LE

Players

TIME (Oliveira) - Winner!

  • Race: Terran Terran
  • Spawn Location: 11:00

Clem

  • Race: Terran Terran
  • League: Grandmaster
  • Spawn Location: 5:00

Event: 2019 WCS Summer

VOD

Have the link to the VOD?

Description

Time

  • Played on: July 13, 2019, 1:56 p.m.
  • Length: 8:12

All games in this series

Show
View Real Time Build Order
Export as new Build Order

TIME Terran - Winner!

Build Orders: Gas First Reaper Expand, Liberator Opening 

Get SALT Encoding   

  12  0:00  SCV  
  13  0:13  SCV  
  14  0:18  Supply Depot  
  14  0:25  SCV  
  15  0:30  Refinery  
  15  0:39  SCV  
  16  0:46  Barracks  
  16  0:51  SCV  
  17  1:03  SCV  
  18  1:16  SCV  
  19  1:33  Orbital Command, Reaper  
  20  1:48  Command Center  
  20  1:59  Factory  
  20  2:01  SCV  
  21  2:10  Barracks Reactor  
  21  2:13  SCV  
  22  2:16  Supply Depot  
  22  2:20  Refinery  
  22  2:26  SCV  
  23  2:39  SCV  
  24  2:53  SCV, Starport  
  24  2:55  Hellion x2  
  29  3:01  Orbital Command  
  29  3:12  Liberator, SCV  
  30  3:16  Hellion x2  
  34  3:24  SCV  
  34  3:26  SCV  
  39  3:38  Hellion x2  
  43  3:42  Supply Depot  
  43  3:44  SCV  
  43  3:47  SCV  
  43  3:48  Barracks Tech Lab  
  45  3:56  SCV  
  46  4:04  Refinery, SCV  
  46  4:06  Supply Depot  
  48  4:10  SCV  
  48  4:11  Marine, Cyclone  
  48  4:12  Marine  
  48  4:13  Starport Tech Lab  
  48  4:16  SCV  
  54  4:19  Supply Depot  
  54  4:27  SCV  
  54  4:28  Supply Depot  
  54  4:31  Raven  
  55  4:32  Marine x2  
  55  4:36  SCV  
  60  4:45  Siege Tank  
  61  4:50  Marine x2  
  55  4:55  SCV  
  55  4:58  SCV  
  54  5:07  Marine x2  
  54  5:08  SCV  
  57  5:14  SCV  
  57  5:17  Siege Tank  
  57  5:18  Raven  
  57  5:20  SCV  
  64  5:25  Marine x2  
  64  5:27  Command Center  
  66  5:31  SCV  
  66  5:33  SCV  
  66  5:43  Marine x2, SCV  
  66  5:45  SCV  
  66  5:49  Siege Tank  
  70  5:54  Refinery, Supply Depot  
  70  5:55  SCV  
  71  5:57  SCV  
  72  6:07  SCV  
  72  6:09  SCV  
  74  6:15  Marine  
  74  6:17  Barracks, Viking  
  74  6:18  Barracks, Viking  
  79  6:20  SCV  
  79  6:21  Siege Tank  
  79  6:24  SCV  
  84  6:28  Supply Depot  
  84  6:29  Supply Depot  
  84  6:38  Marine  
  85  6:43  Orbital Command  
  85  6:45  SCV  
  85  6:46  Viking  
  86  6:48  Viking  
  86  6:49  SCV  
  84  7:06  Siege Tank  
  85  7:08  Barracks Reactor x2  
  85  7:10  SCV x3  
  88  7:16  Viking, Marine, Engineering Bay  
  88  7:17  Engineering Bay  
  88  7:22  SCV  
  92  7:23  Viking  
  92  7:25  SCV  
  92  7:29  SCV, Supply Depot  
  96  7:34  Marine  
  96  7:36  SCV  
  98  7:40  SCV  
Show
View Real Time Build Order
Export as new Build Order

Clem Terran 

Build Orders:  

Get SALT Encoding   

  12  0:00  SCV  
  13  0:12  SCV  
  14  0:17  Supply Depot  
  14  0:24  SCV  
  15  0:29  Refinery  
  15  0:39  SCV  
  16  0:45  Barracks  
  16  0:51  SCV  
  16  0:55  Refinery  
  17  1:03  SCV  
  18  1:15  SCV  
  19  1:32  Orbital Command  
  19  1:33  Factory  
  19  1:38  Reaper  
  20  1:47  Supply Depot  
  20  1:58  SCV  
  21  2:10  Reaper  
  21  2:11  SCV  
  23  2:17  Hellion  
  25  2:33  Command Center  
  25  2:35  SCV  
  26  2:42  Hellion  
  28  2:47  SCV, Reaper  
  30  2:55  Starport  
  29  3:00  Supply Depot  
  29  3:02  SCV  
  30  3:10  Factory Tech Lab  
  30  3:14  SCV  
  31  3:20  Barracks Tech Lab  
  31  3:26  SCV  
  32  3:30  Cyclone  
  35  3:38  Refinery, SCV  
  36  3:43  Raven  
  36  3:45  Orbital Command  
  38  3:50  SCV  
  38  3:54  Barracks Reactor  
  39  4:03  SCV  
  39  4:08  Cyclone  
  43  4:11  SCV  
  43  4:12  Supply Depot  
  43  4:15  SCV  
  45  4:23  SCV  
  46  4:27  SCV  
  47  4:32  Raven  
  47  4:34  Marine x2  
  47  4:35  SCV  
  52  4:39  SCV  
  51  4:48  Siege Tank  
  51  4:51  SCV  
  51  4:52  Marine x2  
  55  4:57  Command Center  
  55  5:00  SCV, Supply Depot  
  55  5:06  SCV  
  57  5:10  Marine x2  
  59  5:15  Raven, Refinery  
  59  5:16  SCV  
  59  5:18  SCV  
  61  5:27  Supply Depot  
  61  5:28  Marine  
  62  5:29  Siege Tank, SCV  
  62  5:34  Marine  
  67  5:39  Supply Depot  
  67  5:41  SCV  
  68  5:45  Marine  
  68  5:46  SCV  
  66  5:53  SCV  
  68  5:58  SCV  
  68  6:01  Siege Tank  
  72  6:05  SCV  
  72  6:09  Orbital Command  
  72  6:10  Viking  
  72  6:12  Viking  
  72  6:14  Marine  
  75  6:19  SCV  
  75  6:21  SCV  
  77  6:31  SCV  
  77  6:32  Orbital Command  
  78  6:37  Siege Tank  
  81  6:40  Viking  
  81  6:42  Barracks  
  81  6:43  Barracks  
  81  6:44  Viking  
  85  6:47  SCV  
  85  6:48  SCV  
  85  6:52  Marine  
  88  6:59  Liberator, SCV  
  88  7:01  Liberator, SCV  
  85  7:07  SCV  
  78  7:10  Marine, Engineering Bay  
  78  7:11  Siege Tank, Engineering Bay  
  78  7:12  SCV  
  83  7:21  SCV  
  90  7:24  SCV x2  
  90  7:28  Supply Depot  
  92  7:31  Marine, Barracks Reactor x2  
  92  7:33  SCV  
  94  7:37  SCV  
  94  7:42  SCV  
  96  7:45  SCV  
  95  7:53  Marine  
  95  7:54  SCV  
Tags
 
Add a new tag
Caveats
  • Supply blocks, unpowered buildings, or Contaminate may cause inaccurate times.
  • Supply counts are checked every 10 seconds.